Map: [ESL] Inside and Out

Players

Clem

  • Race: Terran Terran
  • Spawn Location: 7:00

herO - Winner!

  • Race: Protoss Protoss
  • Spawn Location: 1:00

Event: DreamHack SC2 Masters 2022 Valencia

VOD

Have the link to the VOD?

Description

Time

  • Played on: July 3, 2022, 4:19 a.m.
  • Length: 12:12

All games in this series

Show
View Real Time Build Order
Export as new Build Order

Clem Terran 

Build Orders: Cyclone Opening, Reaper Expand 

Get SALT Encoding   

  12  0:00  SCV  
  13  0:12  SCV  
  14  0:16  Supply Depot  
  14  0:24  SCV  
  15  0:38  SCV  
  15  0:39  Barracks  
  16  0:42  Refinery  
  16  0:50  SCV  
  17  1:02  SCV  
  18  1:14  SCV  
  19  1:27  Reaper  
  19  1:28  Orbital Command  
  20  1:40  Command Center  
  20  1:48  Supply Depot  
  20  1:58  Marine  
  22  2:05  Factory  
  22  2:07  SCV  
  22  2:15  Bunker  
  22  2:19  SCV  
  23  2:24  Barracks Tech Lab  
  23  2:31  SCV  
  24  2:43  SCV  
  25  2:52  Marine  
  25  2:54  Cyclone  
  25  2:55  SCV  
  30  2:59  Orbital Command  
  30  3:06  Barracks  
  30  3:07  SCV  
  30  3:11  Refinery, Marine  
  32  3:19  SCV  
  33  3:23  Supply Depot  
  33  3:24  SCV  
  34  3:29  Cyclone  
  34  3:31  SCV  
  39  3:36  SCV  
  39  3:40  Barracks Reactor  
  39  3:43  SCV  
  39  3:45  Supply Depot  
  40  3:48  SCV  
  40  3:53  Marine  
  35  3:56  SCV  
  35  4:00  SCV  
  37  4:08  SCV  
  37  4:09  Engineering Bay  
  38  4:11  Marine  
  38  4:13  SCV  
  38  4:16  Cyclone  
  43  4:17  Marine x2  
  43  4:20  SCV  
  44  4:25  SCV  
  44  4:29  Marine  
  46  4:32  SCV  
  46  4:35  Marine x2  
  46  4:37  SCV  
  45  4:44  SCV  
  46  4:47  Marine  
  46  4:48  Cyclone  
  46  4:49  SCV  
  46  4:51  Barracks  
  51  4:52  Marine  
  51  4:53  Supply Depot, Marine  
  51  4:56  SCV  
  51  4:58  Refinery, Terran Infantry Weapons Level 1  
  54  5:03  SCV  
  55  5:08  SCV  
  55  5:10  Marine  
  55  5:12  Supply Depot  
  57  5:14  Refinery  
  57  5:15  Supply Depot  
  57  5:16  SCV  
  57  5:20  SCV  
  59  5:23  Marine  
  59  5:24  Marine, Stimpack  
  59  5:28  SCV  
  62  5:29  Starport  
  62  5:35  Supply Depot  
  62  5:37  Marine  
  62  5:38  SCV  
  62  5:39  Marine  
  62  5:40  SCV  
  62  5:41  Marine  
  62  5:42  Marine  
  61  5:44  Factory Reactor  
  58  5:50  SCV  
  58  5:52  SCV  
  58  5:56  Marine  
  61  5:58  Barracks Tech Lab  
  61  5:59  Marine  
  61  6:00  Marauder  
  61  6:02  SCV  
  65  6:04  SCV  
  65  6:08  Command Center  
  66  6:14  SCV  
  66  6:15  Marine  
  66  6:16  Combat Shield  
  66  6:17  Marine, Marauder  
  71  6:22  Marauder  
  71  6:25  Supply Depot, Medivac  
  75  6:27  Factory Reactor  
  75  6:28  Medivac  
  76  6:33  SCV  
  76  6:36  Marine  
  76  6:38  SCV  
  76  6:39  Marauder  
  75  6:43  Marauder  
  72  6:48  SCV  
  72  6:50  SCV  
  72  6:51  Marine  
  75  6:59  Marine  
  75  7:00  SCV, Marauder  
  77  7:02  SCV  
  77  7:04  Concussive Shells, Widow Mine x2  
  77  7:05  Marauder  
  77  7:07  Medivac  
  82  7:10  Marine  
  82  7:16  Supply Depot  
  82  7:17  Marine, Terran Infantry Armor Level 1  
  82  7:19  SCV x2  
  82  7:22  Marauder  
  87  7:25  Marine  
  87  7:29  Marine, Widow Mine x2  
  92  7:31  SCV  
  92  7:34  Supply Depot  
  92  7:35  Marine  
  93  7:39  SCV  
  93  7:43  Marine, Medivac, Marauder  
  99  7:48  Marine  
  99  7:49  SCV  
  99  7:51  Widow Mine  
  101  7:54  SCV  
  101  7:56  Marine, Supply Depot, Barracks x2  
  103  8:01  SCV  
  103  8:02  Orbital Command  
  103  8:04  Marine  
  102  8:06  SCV  
  102  8:10  Medivac  
  102  8:11  Marine  
  104  8:13  SCV, Medivac  
  104  8:14  Marauder  
  104  8:18  Marine  
  104  8:19  Widow Mine x2  
  111  8:21  SCV  
  111  8:23  Marauder  
  111  8:25  SCV  
  115  8:27  SCV  
  115  8:29  Marine  
  117  8:36  Marine, Marauder  
  117  8:37  SCV, Armory  
  117  8:39  Engineering Bay, SCV  
  122  8:42  Supply Depot  
  122  8:44  Barracks Tech Lab, SCV  
  122  8:45  Barracks Reactor  
  122  8:46  Widow Mine x2  
  127  8:49  SCV  
  127  8:56  Missile Turret  
  127  8:59  Missile Turret, Marine, Marauder  
  124  9:03  Viking  
  117  9:17  Missile Turret  
  117  9:22  Missile Turret  
  117  9:30  Factory Reactor  
  117  9:31  Marine x2  
  117  9:32  SCV  
  120  9:39  Starport Reactor  
  120  9:40  Marauder  
  121  9:46  SCV x2, Supply Depot  
  121  9:47  Marauder  
  123  9:53  Marauder  
  123  9:56  Marine  
  123  9:57  Marine  
  123  9:59  SCV  
  120  10:00  Marine  
  120  10:01  Marauder  
  116  10:09  Marauder  
  116  10:12  SCV x2  
  113  10:14  SCV, Marine x2  
  113  10:17  Marine  
  113  10:18  Widow Mine  
  113  10:19  Marine  
  120  10:23  Marauder  
  120  10:25  Refinery  
  120  10:27  Supply Depot  
  124  10:29  Ghost Academy  
  124  10:30  Supply Depot, Marauder  
  124  10:32  Marine  
  124  10:34  Command Center  
  124  10:35  Marine  
  124  10:39  Marauder, Widow Mine  
  124  10:42  Marine  
  130  10:44  Marauder  
  130  10:48  Medivac  
  134  10:51  Marine  
  134  10:52  Medivac  
  134  10:53  Supply Depot  
  134  10:56  Marine  
  134  10:57  Refinery  
  136  11:06  Orbital Command  
  136  11:11  SCV  
  123  11:12  SCV  
  123  11:14  Widow Mine  
  123  11:15  Marauder  
  124  11:23  SCV  
  124  11:25  Marine, Marauder  
  117  11:27  Marine  
  117  11:30  Marine, Widow Mine  
  117  11:31  Marine  
  104  11:40  Marine  
  104  11:45  Marine x2  
  104  11:46  Marauder  
  104  11:58  SCV  
Show
View Real Time Build Order
Export as new Build Order

herO Protoss - Winner!

Build Orders: Oracle Opening 

Get SALT Encoding   

  12  0:00  Probe  
  13  0:13  Pylon  
  13  0:16  Probe  
  14  0:31  Gateway  
  14  0:32  Probe (Chrono Boost)  
  15  0:42  Probe (Chrono Boost), Assimilator  
  16  0:48  Probe (Chrono Boost)  
  16  0:51  Assimilator  
  17  1:00  Probe  
  18  1:12  Probe  
  18  1:18  Pylon, Cybernetics Core  
  19  1:24  Probe  
  20  1:26  Zealot  
  22  1:36  Probe  
  23  1:48  Probe  
  24  1:55  Stargate  
  24  1:56  Adept  
  26  2:14  Probe  
  26  2:24  Nexus  
  28  2:37  Pylon  
  28  2:38  Oracle (Chrono Boost)  
  28  2:42  Probe  
  28  2:47  Warp Gate  
  30  2:55  Probe  
  31  3:06  Oracle (Chrono Boost)  
  31  3:07  Probe  
  33  3:14  Gateway  
  33  3:20  Gateway  
  33  3:23  Probe  
  34  3:35  Probe  
  34  3:36  Probe  
  34  3:39  Oracle (Chrono Boost)  
  39  3:49  Probe (Chrono Boost)  
  39  3:50  Probe (Chrono Boost)  
  41  3:57  Pylon  
  41  4:00  Twilight Council  
  41  4:01  Probe (Chrono Boost)  
  42  4:09  Probe x2 (Chrono Boost)  
  44  4:15  Probe  
  44  4:16  Probe  
  46  4:28  Probe x2  
  45  4:37  Nexus, Oracle (Chrono Boost)  
  45  4:39  Pylon  
  45  4:44  Probe  
  45  4:45  Probe, Blink (Chrono Boost)  
  50  4:48  Assimilator  
  50  4:56  Probe  
  50  4:57  Probe  
  52  5:01  Assimilator  
  52  5:08  Probe  
  52  5:09  Stalker, Probe  
  52  5:11  Stalker  
  58  5:20  Probe  
  58  5:21  Probe  
  60  5:24  Stalker  
  60  5:25  Gateway  
  62  5:33  Probe x2  
  58  5:45  Probe x2  
  58  5:48  Stalker x3  
  66  5:54  Probe (Chrono Boost)  
  67  6:02  Probe (Chrono Boost), Robotics Facility  
  70  6:06  Probe (Chrono Boost)  
  70  6:07  Probe (Chrono Boost)  
  70  6:11  Stalker x3, Probe x2 (Chrono Boost)  
  75  6:13  Probe  
  75  6:16  Pylon  
  79  6:21  Stalker  
  79  6:24  Probe x2  
  79  6:25  Charge  
  83  6:28  Probe  
  80  6:42  Stalker  
  80  6:43  Stalker x2  
  80  6:45  Probe x3  
  88  6:48  Warp Prism (Chrono Boost)  
  90  6:54  Dark Shrine  
  90  6:57  Probe x2  
  90  6:58  Probe  
  90  6:59  Forge  
  93  7:11  Pylon x2  
  93  7:12  Probe  
  90  7:15  Probe  
  90  7:16  Probe  
  90  7:17  Assimilator x2  
  92  7:24  Probe  
  92  7:25  Gateway  
  92  7:27  Gateway  
  93  7:30  Stalker x4, Gateway  
  93  7:33  Immortal (Chrono Boost)  
  101  7:41  Gateway  
  99  7:59  Stalker x4  
  103  8:09  Protoss Ground Weapons Level 1 (Chrono Boost)  
  101  8:13  Probe  
  101  8:15  Shadow Stride (Chrono Boost)  
  98  8:20  Pylon x2  
  98  8:21  Pylon  
  98  8:26  Dark Templar  
  100  8:31  Pylon x2  
  100  8:33  Shield Battery  
  100  8:36  Nexus, Immortal (Chrono Boost)  
  100  8:39  Dark Templar x3  
  110  8:45  Stalker x3  
  116  9:06  Pylon  
  116  9:07  Pylon, Immortal  
  120  9:14  Stalker x7  
  130  9:25  Pylon  
  130  9:28  Pylon  
  130  9:39  Robotics Facility, Robotics Bay  
  130  9:44  Warp Prism (Chrono Boost)  
  128  9:46  Zealot x7  
  131  10:13  Zealot  
  131  10:14  Zealot x6  
  139  10:15  Probe x2  
  139  10:16  Probe  
  139  10:17  Probe  
  144  10:25  Disruptor x2 (Chrono Boost)  
  149  10:36  Dark Templar  
  149  10:37  Dark Templar x4  
  149  10:38  Zealot  
  149  10:41  Zealot  
  161  10:51  Disruptor x2 (Chrono Boost)  
  167  10:59  Gateway  
  167  11:01  Gateway  
  149  11:18  Disruptor (Chrono Boost)  
  149  11:19  Disruptor (Chrono Boost)  
  146  11:27  Dark Templar, Zealot x6  
  156  11:34  Gateway x2  
  142  11:45  Probe x2  
  142  11:46  Probe x2  
  144  11:47  Photon Cannon  
  144  11:50  Shield Battery  
  144  11:54  Stalker x3, Zealot x3  
  143  11:55  Zealot  
  143  11:57  Probe  

Tags
 
Add a new tag
Caveats
  • Supply blocks, unpowered buildings, or Contaminate may cause inaccurate times.
  • Supply counts are checked every 10 seconds.